Map: Corrosion EC

Players

Prospect

  • Race: Terran Terran
  • League: Diamond
  • Spawn Location: 5:00

HoldTheDoor - Winner!

  • Race: Protoss Protoss
  • League: Diamond
  • Spawn Location: 11:00

VOD

Have the link to the VOD?

Description

Time

  • Played on: July 8, 2018, 8:31 a.m.
  • Length: 16:26
Show
View Real Time Build Order
Export as new Build Order

Prospect Terran 

Build Orders: Cyclone Opening 

Get SALT Encoding   

  12  0:01  SCV  
  13  0:13  SCV  
  14  0:17  Supply Depot  
  14  0:25  SCV  
  14  0:28  Refinery  
  15  0:39  SCV  
  16  0:45  Barracks  
  16  0:51  SCV  
  17  0:57  Refinery  
  17  1:03  SCV  
  18  1:15  SCV  
  19  1:34  Orbital Command  
  19  1:35  Reaper  
  20  1:43  Factory  
  20  1:54  Supply Depot  
  20  2:00  SCV  
  21  2:13  Reaper  
  21  2:14  SCV  
  23  2:28  SCV  
  24  2:37  Cyclone  
  24  2:41  SCV  
  27  2:47  Supply Depot  
  27  2:55  Barracks Reactor  
  27  2:59  SCV  
  27  3:00  Command Center  
  28  3:09  Cyclone  
  31  3:16  SCV  
  31  3:35  Marine x2  
  31  3:39  SCV  
  34  3:41  Cyclone  
  34  3:42  Supply Depot  
  37  3:53  Marine x2  
  39  3:57  SCV  
  39  4:09  SCV  
  40  4:12  Marine  
  40  4:13  Marine  
  40  4:14  Orbital Command  
  42  4:21  SCV  
  42  4:22  Starport  
  43  4:30  Marine x2  
  45  4:33  SCV  
  46  4:40  SCV, Factory Tech Lab  
  47  4:49  SCV  
  47  4:50  Barracks  
  47  4:52  Marine x2  
  48  4:53  SCV  
  48  4:57  Supply Depot  
  51  5:01  SCV  
  51  5:05  Medivac  
  51  5:06  SCV  
  55  5:14  Marine x2  
  55  5:20  SCV  
  55  5:21  SCV  
  59  5:23  Siege Tank  
  62  5:33  SCV x2  
  64  5:35  Starport Tech Lab  
  64  5:37  Engineering Bay  
  64  5:41  Marine x3  
  67  5:45  SCV x2  
  69  6:01  SCV, Supply Depot  
  70  6:06  Terran Infantry Weapons Level 1  
  70  6:07  Command Center  
  70  6:23  SCV x2, Marine x3, Raven  
  77  6:27  Missile Turret  
  77  6:31  Refinery  
  77  6:35  SCV x2  
  77  6:36  Siege Tank  
  82  6:40  Refinery  
  82  6:47  SCV x2  
  82  6:48  Armory  
  82  6:50  Engineering Bay  
  82  6:51  Marine  
  82  6:52  Marine  
  86  7:11  Missile Turret  
  86  7:19  SCV x2, Marine x2  
  90  7:23  Terran Infantry Armor Level 1  
  90  7:26  Supply Depot  
  90  7:27  Supply Depot x2  
  90  7:28  Orbital Command  
  90  7:29  Supply Depot, Medivac  
  92  7:31  SCV  
  92  7:32  Siege Tank  
  92  7:34  SCV  
  97  7:47  Marine x2  
  97  7:48  Marine  
  100  7:52  Stimpack  
  100  7:58  Orbital Command  
  100  8:03  SCV x2  
  102  8:06  Marine x2  
  102  8:08  Terran Infantry Weapons Level 2  
  104  8:21  Marine  
  104  8:23  Medivac  
  104  8:26  Marine x2, Missile Turret  
  109  8:28  Sensor Tower  
  109  8:46  Marine x2  
  109  8:47  Marine  
  112  8:49  Siege Tank  
  115  8:58  Barracks  
  115  8:59  Barracks  
  115  9:00  Medivac  
  117  9:03  Barracks  
  117  9:06  Terran Vehicle Weapons Level 1  
  117  9:11  Marine x3  
  119  9:52  Combat Shields  
  69  10:16  Marine  
  69  10:17  Marine  
  69  10:18  Barracks Reactor x2  
  69  10:19  Barracks Reactor  
  69  10:20  Marauder  
  73  10:21  SCV x3  
  74  10:33  Siege Tank  
  77  10:37  Medivac  
  77  10:42  Terran Infantry Armor Level 2, Terran Infantry Weapons Level 3  
  79  10:49  Marine x2  
  80  10:51  Marauder  
  80  10:52  SCV x3  
  86  11:00  Marine x5  
  86  11:01  Marine, Starport  
  92  11:10  Siege Tank  
  95  11:11  SCV, Concussive Shells  
  95  11:12  SCV x2  
  95  11:18  Marine x3  
  98  11:19  Marine x5  
  98  11:21  Marauder  
  98  11:23  Starport Reactor  
  98  11:25  Command Center  
  108  11:38  Viking  
  110  11:40  Terran Ship Weapons Level 1  
  110  11:41  Marine  
  110  11:42  Marine x6, Siege Tank  
  110  11:43  Marine  
  110  11:44  Marauder  
  123  11:49  Refinery  
  123  11:50  Refinery  
  123  12:06  Barracks  
  123  12:09  Marine x6  
  123  12:10  Barracks, Marine x2  
  123  12:11  Barracks, Marauder  
  133  12:19  Viking, Medivac x2  
  139  12:23  Supply Depot  
  139  12:25  Supply Depot, SCV x2  
  141  12:32  Marine x2  
  141  12:33  Marine x4  
  141  12:34  Marine x2  
  149  12:37  Marauder  
  151  12:44  Planetary Fortress  
  151  12:45  Sensor Tower  
  151  13:01  Terran Infantry Armor Level 3  
  151  13:02  Marine  
  151  13:03  Marine x7  
  159  13:08  Barracks Reactor, Barracks Tech Lab x2  
  159  13:09  Marauder  
  159  13:11  Viking, Medivac x2  
  167  13:27  Marine x3  
  167  13:28  Marine x5  
  167  13:29  Marauder  
  167  13:30  Marauder  
  179  13:37  Supply Depot x2  
  179  13:44  Marauder, Terran Vehicle Weapons Level 2  
  181  13:57  Marine x6  
  181  13:58  Marine x4  
  181  13:59  Marauder  
  181  14:00  Marauder  
  177  14:49  Marine x2  
  177  14:50  Marine x7  
  177  14:51  Marine  
  177  14:52  Marauder x3  
  96  15:09  Marine x7  
  96  15:10  Marine x3  
  96  15:13  Marauder x3  
  108  15:17  Medivac  
  108  15:18  Medivac  
  108  15:19  Viking  
  114  15:34  Marine x7  
  114  15:35  Marine x3  
  119  15:36  Marauder x3  
  117  15:47  Medivac  
  117  15:48  Medivac  
  117  15:49  Medivac  
  123  15:54  Marine x2  
  123  15:55  Marine x5  
  123  15:56  Marine  
Show
View Real Time Build Order
Export as new Build Order

HoldTheDoor Protoss - Winner!

Build Orders:  

Get SALT Encoding   

  12  0:00  Probe  
  13  0:12  Probe  
  14  0:20  Pylon  
  14  0:25  Probe  
  15  0:38  Probe  
  16  0:43  Gateway  
  16  0:46  Probe  
  16  0:49  Assimilator  
  16  0:54  Probe  
  17  0:57  Assimilator  
  18  1:04  Probe  
  19  1:17  Gateway  
  19  1:19  Probe  
  20  1:31  Probe  
  21  1:36  Cybernetics Core  
  21  1:43  Probe  
  21  1:45  Pylon  
  22  1:55  Probe  
  23  2:04  Warp Gate  
  23  2:07  Probe  
  24  2:13  Stalker x2  
  28  2:19  Probe, Pylon  
  29  2:43  Stalker x2  
  33  2:52  Robotics Facility  
  33  3:01  Probe  
  33  3:13  Probe  
  33  3:17  Nexus  
  35  3:34  Stargate, Probe  
  35  3:46  Probe  
  36  3:53  Pylon  
  36  4:06  Immortal  
  36  4:12  Pylon  
  36  4:14  Pylon  
  36  4:15  Stalker  
  42  4:17  Sentry  
  42  4:19  Probe  
  42  4:22  Void Ray  
  45  4:31  Probe  
  50  4:39  Probe  
  50  4:44  Immortal  
  51  4:56  Probe x2  
  57  5:04  Assimilator  
  57  5:08  Pylon  
  57  5:16  Void Ray  
  57  5:17  Probe  
  57  5:19  Probe  
  63  5:26  Observer  
  63  5:29  Pylon  
  63  5:31  Probe x2  
  63  5:35  Assimilator  
  66  5:43  Stalker, Probe  
  66  5:44  Stalker  
  71  5:55  Probe  
  71  5:56  Probe  
  73  5:59  Immortal  
  77  6:08  Probe x2  
  77  6:10  Forge  
  79  6:15  Forge  
  79  6:26  Protoss Ground Armor Level 1  
  79  6:28  Probe x2, Protoss Shields Level 1  
  81  6:46  Robotics Bay  
  81  6:50  Probe x2  
  83  7:06  Zealot x2  
  87  7:14  Void Ray  
  87  7:15  Twilight Council  
  91  7:19  Pylon  
  91  7:26  Nexus  
  91  7:30  Probe  
  91  7:31  Probe, Immortal  
  91  7:36  Pylon  
  93  7:43  Pylon  
  97  7:52  Extended Thermal Lance  
  97  7:54  Charge  
  97  8:03  Assimilator  
  97  8:05  Protoss Ground Weapons Level 1, Phoenix  
  99  8:06  Colossus  
  99  8:08  Probe  
  99  8:09  Probe  
  107  8:15  Protoss Air Armor Level 1  
  107  8:35  Protoss Ground Armor Level 2, Phoenix  
  107  8:38  Probe x2  
  111  8:44  Assimilator  
  111  8:47  Zealot x2, Pylon  
  115  9:00  Void Ray  
  115  9:02  Probe x2  
  121  9:05  Pylon  
  121  9:14  Colossus  
  127  9:18  Probe x3  
  130  9:30  Probe x2  
  130  9:31  Pylon  
  132  9:36  Zealot x2  
  122  9:58  Zealot x2  
  102  10:11  Protoss Shields Level 2  
  102  10:16  Immortal  
  106  10:24  Protoss Ground Armor Level 3  
  106  10:29  Zealot x2  
  106  10:33  Void Ray  
  114  10:42  Pylon  
  114  10:43  Gateway  
  114  10:46  Gateway  
  114  10:49  Gateway  
  114  10:50  Immortal  
  114  10:55  Gateway  
  114  10:58  Pylon  
  114  11:01  Pylon  
  114  11:02  Gateway  
  118  11:12  Protoss Air Weapons Level 1, Fleet Beacon  
  118  11:15  Gateway  
  118  11:18  Gateway  
  118  11:19  Void Ray, Gateway  
  118  11:22  Gateway  
  118  11:23  Pylon  
  122  11:27  Zealot  
  122  11:28  Zealot  
  122  11:29  Immortal  
  122  11:30  Probe x2  
  132  11:46  Zealot x3  
  138  11:49  Stalker x2  
  138  11:52  Carrier  
  142  11:55  Pylon  
  142  11:56  Graviton Catapult  
  142  12:05  Templar Archives  
  142  12:08  Pylon  
  142  12:10  Gateway  
  142  12:14  Protoss Ground Weapons Level 2  
  148  12:22  Zealot x3  
  154  12:33  Observer  
  154  12:36  Pylon  
  155  12:38  Zealot x2  
  159  12:52  Probe x2  
  159  12:54  Immortal  
  159  12:55  Protoss Air Armor Level 2  
  159  12:58  Nexus  
  165  13:11  Probe  
  166  13:15  Carrier  
  172  13:26  Protoss Shields Level 3  
  172  13:29  Templar Archives  
  172  13:31  Dark Shrine  
  172  13:33  Psionic Storm  
  172  13:34  Pylon  
  172  13:41  High Templar  
  172  13:42  High Templar x2  
  172  13:44  High Templar  
  172  13:45  Zealot x2  
  172  13:46  Zealot  
  186  13:49  Archon x2  
  186  13:59  Pylon  
  186  14:01  Assimilator  
  186  14:05  Assimilator  
  186  14:08  Pylon  
  186  14:14  Pylon x2  
  186  14:17  Pylon  
  186  14:19  High Templar x3  
  186  14:21  High Templar  
  186  14:23  Zealot x3  
  200  14:26  Archon x2  
  136  15:17  Zealot x2  
  136  15:18  Zealot x7  
  136  15:19  Zealot x2  
  162  16:14  Zealot x6  
  162  16:15  Zealot x5  
Tags
 
Add a new tag
Caveats
  • Supply blocks, unpowered buildings, or Contaminate may cause inaccurate times.
  • Supply counts are checked every 10 seconds.